 Dungeon Crawl Stone Soup version 0.31-a0-1-g4198be8af4 (webtiles) character file.

Game seed: 17360580868718014050

20158 Sobieck the Jinx (level 12, -8/58 HPs)
             Began as a Spriggan Venom Mage on May 2, 2023.
             Was a High Priest of Sif Muna.
             Constricted to death by Jorgrun (14 damage)
             ... on level 12 of the Dungeon.
             The game lasted 00:49:53 (16540 turns).

Sobieck the Jinx (Spriggan Venom Mage)             Turns: 16540, Time: 00:49:54

Health: -8/58      AC:  7    Str:  4    XL:     12   Next: 42%
Magic:  19/29      EV: 18    Int: 22    God:    Sif Muna [*****.]
Gold:   634        SH:  0    Dex: 17    Spells: 20/35 levels left

rFire   . . .        z - +7 quarterstaff "Uckoi" {heavy, rElec Dex+2, staff}
rCold   . . .        (shield currently unavailable)
rNeg    . . .        M - +2 robe {Archmagi}
rPois   .            (helmet restricted)
rElec   +            A - +2 cloak {Stlth+}
rCorr   .            (gloves unavailable)
SInv    +            (boots unavailable)
Will    ++...        (no amulet)
Stlth   ++++++       D - ring of wizardry
HPRegen 0.29/turn    q - ring of wizardry
MPRegen 0.21/turn

%: wizardry (x2), archmagi
@: grasped by roots, constricted, very quick
A: very small, no large weapons, unfitting armour, see invisible, speed 3,
screaming 1
a: Renounce Religion, Channel Magic, Forget Spell, Divine Exegesis


You were on level 12 of the Dungeon.
You worshipped Sif Muna.
Sif Muna was extremely pleased with you.
You visited 2 branches of the dungeon, and saw 13 of its levels.
You also visited: Ossuary.

You collected 761 gold pieces.
You spent 127 gold pieces at shops.


Innate Abilities, Weirdness & Mutations

You are very small and have problems with some larger weapons.
You are too small for most types of armour.
You have supernaturally acute eyesight. (SInv)
You cover ground extremely quickly. (Speed+++)
You occasionally shout uncontrollably at your foes.


   Skills:
 - Level 4.0 Fighting
 + Level 6.8 Dodging
 - Level 10.0 Stealth
 - Level 12.0 Spellcasting
 - Level 4.0 Conjurations
 + Level 12.6 Hexes
 - Level 8.0 Transmutations
 - Level 4.0 Fire Magic
 - Level 8.0 Poison Magic


You had 20 spell levels left.
You knew the following spells:

 Your Spells              Type           Power      Damage    Failure   Level
a - Sting                 Tmut/Pois      100%       1d8       1%          1
b - Poisonous Vapours     Pois/Air       92%        N/A       1%          2
c - Olgreb's Toxic Radia  Pois           64%        N/A       1%          4
d - Ignite Poison         Fire/Tmut/Pois 59%        N/A       1%          3
f - Irradiate             Conj/Tmut      28%        3d21      3%          5

Your spell library contained the following spells:

 Spells                   Type           Power      Damage    Failure   Level
 Apportation              Tloc           38%        N/A       1%          1
 Shock                    Conj/Air       100%       1d9       1%          1
 Cigotuvi's Dreadful Rot  Necr/Pois/Air  74%        N/A       1%          2
 Mephitic Cloud           Conj/Pois/Air  46%        N/A       1%          3
 Alistair's Intoxication  Tmut/Pois      42%        N/A       1%          5
 Blade Hands              Tmut           32%        N/A       1%          5
 Sublimation of Blood     Necr           19%        N/A       2%          2
 Petrify                  Tmut/Erth      46%        N/A       2%          4
 Sticky Flame             Conj/Fire      46%        2d6       2%          4
 Swiftness                Air            19%        N/A       4%          3
 Vhi's Electric Charge    Tloc/Air       38%        N/A       4%          3
 Airstrike                Air            9%         2d(2-18)  13%         4
 Dispel Undead            Necr           19%        3d11      13%         4
 Arcjolt                  Conj/Air       16%        1d26      16%         5
 Freezing Cloud           Conj/Ice/Air   14%        6-21      21%         5
 Dragon Form              Tmut           32%        N/A       36%         7
 Death Channel            Necr           9%         N/A       85%         6
 Borgnjor's Revivificati  Necr           9%         N/A       100%        8
 Ignition                 Fire           23%        3d8       100%        8
 Maxwell's Capacitive Co  Air            9%         ∞         100%        8
 Necromutation            Tmut/Necr      23%        N/A       100%        8
 Death's Door             Necr           9%         N/A       100%        9

Inventory:

Hand Weapons
 l - a +2 dagger of distortion {!wshort}
   (You took it off Sonja on level 12 of the Dungeon)
 z - the +7 quarterstaff "Uckoi" (weapon) {heavy, rElec Dex+2, staff}
   (You found it on level 10 of the Dungeon)

   Dex:       It affects your dexterity (+2).
   rElec:     It insulates you from electricity.
Missiles
 n - 15 boomerangs {throwing}
 E - 45 poisoned darts {throwing}
 O - 24 stones {throwing}
 U - 5 curare-tipped darts {=fthrowing}
Armour
 A - a +2 cloak of stealth (worn)
   (You took it off Crazy Yiuf on level 3 of the Dungeon)
 M - a +2 robe of the Archmagi (worn)
   (You took it off an orc wizard on level 7 of the Dungeon)
 Z - a +0 robe
   (You took it off a wight on level 8 of the Dungeon)
Magical Staves
 N - a staff of death {!astaff}
   (You found it on level 7 of the Dungeon)
Jewellery
 a - the ring "Ryut" {Fire rPois}
   (You found it on level 10 of the Dungeon)

   [ring of fire]

   It enhances your fire magic.
   rF:        It protects you from fire.
   rC:        It makes you vulnerable to cold.
   rPois:     It protects you from poison.
 d - a ring of resist corrosion
   (You found it on level 9 of the Dungeon)
 f - a +4 ring of protection
   (You found it on level 1 of the Dungeon)
 q - a ring of wizardry (right hand)
   (You found it on level 1 of the Dungeon)
 v - a ring of ice
   (You found it on level 10 of the Dungeon)
 D - a ring of wizardry (left hand)
   (You took it off an orc on level 6 of the Dungeon)
 S - a ring of poison resistance
   (You found it on level 7 of the Dungeon)
 X - a ring of protection from fire
   (You found it on level 12 of the Dungeon)
Wands
 B - a wand of polymorph (4)
   (You found it on level 9 of the Dungeon)
 C - a wand of charming (16)
   (You found it on level 4 of the Dungeon)
 F - a wand of iceblast (2)
   (You found it on level 4 of the Dungeon)
 I - a wand of mindburst (17)
   (You found it on level 9 of the Dungeon)
 L - a wand of flame (10)
   (You found it on level 10 of the Dungeon)
 P - a wand of light (7)
   (You found it on level 7 of the Dungeon)
Scrolls
 g - 3 scrolls of amnesia
 h - a scroll of silence {!r}
 o - 2 scrolls of vulnerability {!r!r}
 r - 7 scrolls of teleportation {@r4}
 y - 4 scrolls of blinking {!r}
 Q - 3 scrolls of torment {!r}
 R - 2 scrolls of magic mapping {!r}
 T - a scroll of noise {!r}
 W - a scroll of poison {!r}
Potions
 b - 2 potions of magic
 c - 2 potions of cancellation
 e - a potion of resistance
 i - 3 potions of haste {@q3}
 j - 7 potions of heal wounds {@q2}
 k - 4 potions of brilliance
 m - a potion of ambrosia
 p - 9 potions of curing {@q1}
 s - 2 potions of mutation {unknown}
 t - 2 potions of attraction {!q}
 u - 2 potions of might
 w - 2 potions of invisibility
 x - a potion of berserk rage {!q}
 G - 3 potions of flight
 K - a potion of lignification {unknown}
Miscellaneous
 H - a phial of floods
   (You found it on level 10 of the Dungeon)
 J - a piece from Xom's chessboard (15/15)
   (You found it on level 10 of the Dungeon)
 V - a lightning rod (4/4)
   (You found it on level 10 of the Dungeon)
 Y - a condenser vane
   (You found it on level 12 of the Dungeon)

Dungeon Overview and Level Annotations

Branches:
Dungeon (12/15) Zot: 26100  Temple (1/1) D:4 Zot: 5895    Lair (0/5) D:8
    Orc (0/2) D:12        Ossuary (visited)

Altars:
Ashenzari
Cheibriados
Dithmenos
Elyvilon
Fedhas
Gozag
Hepliaklqana
Kikubaaqudgha
Nemelex Xobeh
Okawaru
Qazlal
Ru
Sif Muna
Trog
Uskayaw
Vehumet
Wu Jian
Xom
Yredelemnul
Zin
The Shining One

Shops:
D:2 ?   D:4 *   D:6 [   D:8 *   D:9 (

Portals:
Trove: D:10 (give 7 scrolls of fog)

Annotations:
D:5 3 runed translucent doors, Grinder; SkeletonJelly's ghost, amateur DsCK; TrollFarmer's ghost, novice GnFi
D:12 Jorgrun

........##'##
........#.... #######
........'.... #.....+
........#.... #.....
........##+## .....
#####.........
###'g###...#.........
#.....##...#.........
#...@......#.........
#..........#.........
#..........#.........
#########'##.........
#..........†....
#...............
#...............
#...............
+...............


You could see Jorgrun.


Message History

You open the door.
There is an open door here.
You open the door.
There is an open door here.
You open the door.
There is an open door here.
You open the door.
There is an open door here.
You open the door.
There is an open door here.
There is a stone staircase leading up here.
You open the door.
There is an open door here.
You open the door.
There is an open door here.
There is an open door here.
There is an open door here.
You open the door.
There is an open door here.
As you open the door, it creaks loudly!
You hear an angry hiss.
There is an open door here.
A vampire mosquito comes into view.
Danger!
You yell at the vampire mosquito!
A vampire mosquito comes into view.
You hear an angry buzzing noise.
You hear an angry hiss.
A vampire mosquito comes into view.
The vampire mosquito closely misses you.
Casting: Ignite Poison (safe; 1% risk of failure)
Confirm with . or Enter, or press ? or * to list all spells.
You feel a surge of power!
You erupt in a fountain of uncontrolled magic!
The vampire mosquito is blasted with magical radiation!!!
You destroy the vampire mosquito!
Sif Muna accepts your kill.
Sif Muna will now gift you books as you gain piety.
The vampire mosquito is blasted with magical radiation!! x2
You destroy the vampire mosquito!
Sif Muna accepts your kill.
You are very lightly contaminated with residual magic.
The vampire mosquito misses you.
The vampire mosquito closely misses you.
Casting: Irradiate (dangerous; 3% risk of failure)
Confirm with . or Enter, or press ? or * to list all spells.
You feel a surge of power!
You erupt in a fountain of uncontrolled magic!
The vampire mosquito is blasted with magical radiation!!
You destroy the vampire mosquito!
Sif Muna accepts your kill.
Unknown command.
Unknown command.
You start resting.
Your magical contamination has completely faded away.
You start resting.
Unknown command.
Unknown command.
You now have 634 gold pieces (gained 14).
You open the door.
There is an open door here.
You open the door.
Jorgrun Earthshaker comes into view.
He is wielding a +0 heavy quarterstaff and wearing a +1 robe of the Archmagi.
Danger!
Unknown command.
Casting: Irradiate (dangerous; 3% risk of failure)
Confirm with . or Enter, or press ? or * to list all spells.
You feel a surge of power!
You begin to radiate toxic energy.
Jorgrun shouts!
Jorgrun is poisoned.
Jorgrun gestures next to you while chanting.
The wall shatters!
The blast of rock fragments hits you!!
Ouch! That really hurt!
* * * LOW HITPOINT WARNING * * *
You hear an angry hiss.
Casting: Olgreb's Toxic Radiance (dangerous; 1% risk of failure)
Confirm with . or Enter, or press ? or * to list all spells.
Okay, then.
Jorgrun gestures at you while chanting.
Roots burst forth from the earth!
The grasping roots grab you! The grasping roots constrict you!
* * * LOW HITPOINT WARNING * * *
Unknown command.
Unknown command.
Unknown command.
Casting: Olgreb's Toxic Radiance (dangerous; 1% risk of failure)
Confirm with . or Enter, or press ? or * to list all spells.
You feel a surge of power!
You ignite the poison in your surroundings!
Jorgrun seems to burn from within!!
Jorgrun is poisoned.
Your toxic aura wanes.
Jorgrun says, "'tis place shall be yer tomb!"
Jorgrun points at the rock wall and mumbles some strange words.
Some rock shatters into small pieces.
The grasping roots constrict you!
* * * LOW HITPOINT WARNING * * *
Casting: Ignite Poison (safe; 1% risk of failure)
Confirm with . or Enter, or press ? or * to list all spells.
You feel a surge of power!
You ignite the poison in your surroundings!
Jorgrun seems to burn from within!
The grasping roots constrict you!
You die...

Skill      XL: |  1  2  3  4  5  6  7  8  9 10 11 12 |
---------------+-------------------------------------+-----
Poison Magic   | 4 6 7 8 |  8.0
Transmutations | 3 4 6 8 |  8.0
Fire Magic     | 1 4 |  4.0
Spellcasting   | 3 6 9 10 11 12 | 12.0
Dodging        | 4 5 6 |  6.8
Fighting       | 2 4 |  4.0
Stealth        | 6 7 10 | 10.0
Conjurations   | 2 3 4 |  4.0
Hexes          | 1 6 10 12 | 12.6

Action                     |  1- 3 |  4- 6 |  7- 9 | 10-12 || total
---------------------------+-------+-------+-------+-------++-------
  Melee: Dagger            |    29 |       |       |       ||    29
         Spear             |     8 |    66 |   159 |    11 ||   244
         Punch             |       |     2 |     4 |       ||     6
         Unarmed           |       |       |    12 |       ||    12
         Quarterstaff      |       |       |       |    31 ||    31
   Cast: Sting             |    81 |    15 |    25 |     1 ||   122
         Poisonous Vapours |       |    34 |    11 |     3 ||    48
         Olgreb's Toxic Ra |       |     8 |    29 |    68 ||   105
         Ignite Poison     |       |     3 |    22 |    52 ||    77
         Blade Hands       |       |       |     3 |       ||     3
         Irradiate         |       |       |     9 |    34 ||    43
  Evoke: Wand              |       |       |    15 |       ||    15
    Use: Scroll            |     3 |    10 |     6 |    10 ||    29
   Stab: Sleeping          |       |       |    10 |     2 ||    12
 Armour: Robe              |    15 |    13 |    31 |    14 ||    73
  Dodge: Dodged            |    52 |    31 |   121 |    98 ||   302

Levels and vault maps discovered:
D:1:      minmay_arrival_diagonal_passages, layout_loops_cross, moated_statue
D:2:      layout_loops_cross, shapermc_ecumenical_altar_notcrosses,
          nicolae_nh_oracle_at_delphi, uniq_robin
D:3:      layout_rooms, kennysheep_slug_shrine, mainiacjoe_overflow_catwalk,
          nicolae_uskayaw_en_pointe, dreamdust_mushroom_princess, uniq_ijyb,
          uniq_crazy_yiuf_cottage
D:4:      layout_rooms, minmay_temple_entry_tees, serial_shops, shop,
          grunt_ministairs_2
D:5:      layout_basic, gammafunk_ghost_cemetery, uniq_grinder
D:6:      layout_cave_pools, zin_statuary, nicolae_overflow_crystal_walls,
          serial_shops, shop, kennysheep_generic_room_15
D:7:      layout_loops_ring
D:8:      layout_basic, due_lair_maze_entry_diamond,
          lightli_bailey_entry_fortress, enter_ossuary_3, grunt_ministairs_2,
          nicolae_shop_fire_sale [nicolae_sub_dead_trees]
D:9:      layout_grid_maze, mainiacjoe_overflow_paths, doesnt_shop_hydraphobe,
          uniq_pikel
D:10:     kb_forest_paths, layout_irregular_city, overflow_temple_1_default,
          lemuel_crystal_altar, nicolae_trove_entry_columns, minmay_radiant
D:11:     layout_basic, portal_ice_cave_entry_imps
D:12:     layout_gridville, minmay_orc_entry_temple_small, minmay_statues_item,
          uniq_maurice, uniq_jorgrun, uniq_sonja
Temple:   nicolae_temple_bog_church

Notes
Turn   | Place    | Note
-------+----------+-------------------------------------------
     0 | D:1      | Sobieck the Spriggan Venom Mage began the quest for the
                  | Orb.
     0 | D:1      | Reached XP level 1. HP: 9/9 MP: 5/5
   170 | D:1      | Reached XP level 2. HP: 13/13 MP: 0/6
   228 | D:1      | Learned a level 2 spell: Poisonous Vapours
   706 | D:1      | Reached skill level 4 in Poison Magic
   717 | D:1      | You add the spells Borgnjor's Revivification, Necromutation
                  | and Death's Door to your library.
   789 | D:1      | You fall into a shaft and drop 1 floor!
   811 | D:2      | Noticed Robin
   878 | D:2      | Reached XP level 3. HP: 11/16 MP: 1/8
  1586 | D:2      | Found The Oracle's Delphic Readings.
  1594 | D:2      | Bought a scroll of identify for 22 gold pieces
  1918 | D:3      | Found a basalt altar of Yredelemnul.
  2021 | D:3      | Noticed a +0 falchion
  2024 | D:3      | Noticed a +0 spear
  2058 | D:3      | Noticed a +0 falchion
  2059 | D:3      | Noticed a +0 short sword
  2060 | D:3      | Noticed a +0 dagger
  2103 | D:3      | Reached XP level 4. HP: 21/21 MP: 4/9
  2108 | D:3      | Learned a level 4 spell: Olgreb's Toxic Radiance
  2117 | D:3      | Noticed a +0 short sword
  2117 | D:3      | Noticed a +0 dagger
  2118 | D:3      | Noticed a +0 spear
  2282 | D:2      | Reached skill level 5 in Poison Magic
  2292 | D:2      | Killed Robin
  2403 | D:2      | Found a faded altar of an unknown god.
  2670 | D:3      | Found a snail-covered altar of Cheibriados.
  2713 | D:3      | Noticed Ijyb
  2734 | D:3      | Killed Ijyb
  3062 | D:3      | Found a hide-covered altar of Uskayaw.
  3229 | D:3      | Found a runed translucent door.
  3230 | D:3      | Noticed Crazy Yiuf
  3274 | D:3      | Killed Crazy Yiuf
  3275 | D:3      | Reached skill level 6 in Poison Magic
  3275 | D:3      | Reached XP level 5. HP: 24/24 MP: 5/10
  3615 | D:4      | Found Xoghaj's General Store.
  3615 | D:4      | Found a staircase to the Ecumenical Temple.
  3639 | D:4      | You pick up a book of Transfigurations {@e2} and begin
                  | reading...
  3639 | D:4      | You add the spells Irradiate, Blade Hands and Dragon Form
                  | to your library.
  3659 | Temple   | Entered the Ecumenical Temple
  3761 | Temple   | Became a worshipper of Sif Muna the Loreminder
  3808 | D:4      | You pick up a book of Vapours and begin reading...
  3837 | D:4      | Bought a scroll of blinking for 105 gold pieces
  4113 | D:4      | You add the spells Vhi's Electric Charge, Arcjolt and
                  | Maxwell's Capacitive Coupling to your library.
  4313 | D:5      | Entered Level 5 of the Dungeon
  4341 | D:5      | Found a runed translucent gate.
  4341 | D:5      | Found a runed translucent gate.
  4342 | D:5      | Found a runed translucent gate.
  4344 | D:5      | Noticed TrollFarmer's ghost (novice GnFi)
  4344 | D:5      | Noticed SkeletonJelly's ghost (amateur DsCK)
  4429 | D:5      | Reached XP level 6. HP: 28/28 MP: 4/11
  4485 | D:4      | Identified a scroll of acquirement
  4485 | D:4      | Acquired a Trismegistus Codex
  4486 | D:4      | You add the spells Cigotuvi's Dreadful Rot and Ignite
                  | Poison to your library.
  4491 | D:4      | Learned a level 3 spell: Ignite Poison
  4530 | D:5      | Noticed Grinder
  4552 | D:5      | Reached skill level 7 in Poison Magic
  4623 | D:5      | Reached skill level 2 in Transmutations
  4623 | D:5      | Reached skill level 1 in Fire Magic
  4832 | D:5      | Reached skill level 3 in Transmutations
  4951 | D:5      | Reached XP level 7. HP: 32/32 MP: 4/12
  5451 | D:5      | Reached skill level 4 in Transmutations
  5451 | D:5      | Reached skill level 2 in Fire Magic
  5653 | D:6      | Noticed a yak
  5657 | D:6      | Noticed a yak
  5780 | D:6      | Killed a yak
  5781 | D:6      | Reached skill level 3 in Fire Magic
  5781 | D:6      | Reached skill level 8 in Poison Magic
  5781 | D:6      | Noticed a yak
  5864 | D:6      | Killed a yak
  5864 | D:6      | Reached * piety under Sif Muna
  5865 | D:6      | Reached skill level 4 in Fire Magic
  5865 | D:6      | Reached skill level 3 in Spellcasting
  5865 | D:6      | Reached XP level 8. HP: 36/36 MP: 5/13
  5867 | D:6      | Reached skill level 4 in Spellcasting
  6082 | D:6      | Found a shadowy altar of Dithmenos.
  6086 | D:6      | You pick up a book of Party Tricks and begin reading...
  6086 | D:6      | You add the spells Apportation and Alistair's Intoxication
                  | to your library.
  6177 | D:6      | Reached skill level 5 in Spellcasting
  6412 | D:6      | Reached skill level 6 in Spellcasting
  6426 | D:6      | Reached skill level 3 in Dodging
  6437 | D:6      | Reached skill level 1 in Fighting
  6437 | D:6      | Reached skill level 4 in Stealth
  6479 | D:6      | Found Howofeab's Armour Boutique.
  6535 | D:6      | Found a glowing silver altar of Zin.
  6696 | D:7      | Identified a +2 robe of the Archmagi
  6781 | D:7      | You add the spells Sticky Flame and Ignition to your
                  | library.
  6956 | D:7      | Reached skill level 4 in Dodging
  6956 | D:7      | Reached skill level 5 in Stealth
  7402 | D:7      | Reached skill level 2 in Fighting
  7504 | D:8      | Found a sand-covered staircase.
  7519 | Ossuary  | Entered an ossuary
  7527 | Ossuary  | Reached ** piety under Sif Muna
  7565 | Ossuary  | Reached skill level 6 in Stealth
  7577 | Ossuary  | Learned a level 5 spell: Blade Hands
  7960 | Ossuary  | Reached XP level 9. HP: 37/42 MP: 10/19
  8124 | D:7      | Reached skill level 7 in Stealth
  8124 | D:7      | Reached skill level 5 in Transmutations
  8285 | D:8      | Noticed a centaur warrior
  8288 | D:8      | Reached skill level 6 in Transmutations
  8289 | D:8      | Killed a centaur warrior
  8290 | D:8      | Reached skill level 5 in Dodging
  8290 | D:8      | Reached skill level 8 in Spellcasting
  8406 | D:8      | Learned a level 5 spell: Irradiate
  8429 | D:8      | Found Exada's Fire Supplies.
  8520 | D:8      | Reached *** piety under Sif Muna
  8700 | D:8      | Reached skill level 1 in Conjurations
  8705 | D:8      | HP: 10/42 [poisoned by a water moccasin]
  8710 | D:8      | HP: 7/42 [poisoned by a water moccasin]
  9050 | D:8      | Reached skill level 2 in Conjurations
  9326 | D:8      | Reached skill level 9 in Spellcasting
  9637 | D:8      | Reached skill level 1 in Hexes
  9637 | D:8      | Reached XP level 10. HP: 46/46 MP: 18/24
  9679 | D:8      | Reached skill level 7 in Transmutations
  9789 | D:8      | Found a staircase to the Lair.
  9823 | D:8      | Reached skill level 2 in Hexes
 10048 | D:8      | Reached **** piety under Sif Muna
 10176 | D:8      | Reached skill level 3 in Hexes
 10183 | D:8      | Reached skill level 10 in Spellcasting
 10618 | D:9      | You pick up a book of Air and begin reading...
 10618 | D:9      | You add the spells Shock, Swiftness and Airstrike to your
                  | library.
 10682 | D:9      | Noticed a two-headed ogre
 10687 | D:9      | Reached skill level 8 in Transmutations
 10687 | D:9      | Killed a two-headed ogre
 10688 | D:9      | Reached skill level 3 in Fighting
 10688 | D:9      | Reached skill level 4 in Hexes
 10693 | D:9      | Noticed Pikel
 10699 | D:9      | Killed Pikel
 10700 | D:9      | Reached skill level 5 in Hexes
 10850 | D:9      | Found an ornate altar of the Wu Jian Council.
 11215 | D:9      | Reached skill level 3 in Conjurations
 11215 | D:9      | Reached skill level 6 in Hexes
 11216 | D:9      | Reached skill level 4 in Fighting
 11396 | D:9      | Reached XP level 11. HP: 53/53 MP: 20/26
 11442 | D:9      | You pick up a book of Decay and begin reading...
 11442 | D:9      | You add the spells Dispel Undead and Death Channel to your
                  | library.
 11526 | D:9      | Found Fybo's Hydra Hut.
 11527 | D:9      | Noticed a four-headed hydra
 11903 | D:10     | Entered Level 10 of the Dungeon
 11903 | D:10     | Found an opulent altar of Gozag.
 11905 | D:10     | Identified the ring "Ryut" {Fire rPois}
 11922 | D:10     | Noticed a skeletal warrior
 11924 | D:10     | Noticed a tengu warrior
 11936 | D:10     | Killed a tengu warrior
 11937 | D:10     | Reached skill level 7 in Hexes
 12052 | D:10     | Found an iron altar of Okawaru.
 12104 | D:10     | Found a portal to a secret trove of treasure.
 12112 | D:10     | This trove needs 7 scrolls of fog to function. Give it the
                  | items?
 12177 | D:10     | Identified the +7 quarterstaff "Uckoi" {heavy, rElec Dex+2}
 12234 | D:10     | Killed a skeletal warrior
 12235 | D:10     | Reached skill level 8 in Stealth
 12235 | D:10     | Reached skill level 4 in Conjurations
 12248 | D:10     | Gained mutation: You occasionally shout uncontrollably at
                  | your foes. [mutagenic glow]
 12579 | D:10     | Noticed a two-headed ogre
 12587 | D:10     | Killed a two-headed ogre
 12588 | D:10     | Reached skill level 8 in Hexes
 12662 | D:10     | Reached skill level 9 in Stealth
 13011 | D:10     | Noticed a two-headed ogre
 13019 | D:10     | Killed a two-headed ogre
 13020 | D:10     | Reached skill level 10 in Stealth
 13020 | D:10     | Reached skill level 9 in Hexes
 13369 | D:10     | Noticed a two-headed ogre
 13373 | D:10     | Killed a two-headed ogre
 13374 | D:10     | Reached skill level 11 in Spellcasting
 13374 | D:10     | Reached skill level 10 in Hexes
 13586 | D:11     | Noticed a two-headed ogre
 13591 | D:11     | Killed a two-headed ogre
 13928 | D:11     | HP: 11/53 [white imp/puff of frost (13)]
 14208 | D:11     | Found a frozen archway.
 14304 | D:11     | Reached XP level 12. HP: 58/58 MP: 12/28
 14494 | D:11     | Reached skill level 11 in Hexes
 15481 | D:12     | Reached skill level 12 in Spellcasting
 15681 | D:12     | Noticed Maurice
 15686 | D:12     | Killed Maurice
 15839 | D:12     | Noticed Sonja
 15841 | D:12     | Killed Sonja
 15842 | D:12     | Reached skill level 12 in Hexes
 16031 | D:12     | Found a staircase to the Orcish Mines.
 16099 | D:12     | You pick up a book of Alchemy and begin reading...
 16099 | D:12     | You add the spells Sublimation of Blood and Petrify to your
                  | library.
 16124 | D:12     | Reached skill level 6 in Dodging
 16235 | D:12     | Noticed a boulder beetle
 16242 | D:12     | Killed a boulder beetle
 16474 | D:12     | Reached ***** piety under Sif Muna
 16536 | D:12     | Identified a +1 robe of the Archmagi
 16536 | D:12     | Noticed Jorgrun
 16539 | D:12     | HP: 6/58 [constriction (14)]
 16540 | D:12     | Constricted to death by Jorgrun

Vanquished Creatures
  A centaur warrior (D:8)
  A boulder beetle (D:12)
  5 two-headed ogres
  A tengu warrior (D:10)
  Sonja (D:12)
  A skeletal warrior (D:10)
  An orc knight (D:12)
  Pikel (D:9)
  An orc sorcerer (D:12)
  A cyclops (D:11)
  2 manticores
  Maurice (D:12)
  A gargoyle (D:10)
  An unseen horror (D:11)
  A kobold demonologist (D:10)
  A troll (D:9)
  5 slime creatures
  9 spriggans (D:10)
  2 shadows
  A vampire (D:11)
  14 yaks
  2 wraiths
  2 steam dragons
  6 vampire mosquitoes
  An acid dragon (D:10)
  4 water moccasins
  2 ice beasts
  An ogre (D:5)
  4 orc warriors
  5 centaurs
  4 kobold brigands
  5 bullfrogs
  A scorpion (D:5)
  A gnoll sergeant (D:9)
  13 wights
  14 killer bees
  8 howler monkeys
  A hound (D:5)
  Crazy Yiuf (D:3)
  6 orc priests
  A sleepcap (D:5)
  Ijyb (D:3)
  6 iguanas
  8 orc wizards
  A mummy (Ossuary)
  Robin (D:2)
  10 gnolls
  4 adders
  15 white imps
  An ufetubus (D:4)
  A worm (D:3)
  5 dart slugs
  36 orcs
  4 bats
  5 endoplasms
  3 giant cockroaches
  15 goblins
  12 hobgoblins
  10 jackals
  20 kobolds
  A quokka (D:4)
  3 ball pythons
  3 frilled lizards
  6 gnoll skeletons (Ossuary)
  A gnoll zombie (D:8)
  A goblin zombie (D:8)
  6 kobold skeletons (Ossuary)
  13 orc skeletons (Ossuary)
  4 rats
  A rat zombie (D:8)
331 creatures vanquished.

Vanquished Creatures (others)
  60 fungi (D:8)
  51 plants
111 creatures vanquished.

Grand Total: 442 creatures vanquished

Table legend:
 A = Non-vault XP
 B = Vault XP
 C = Vault XP percentage of total XP
 D = Non-vault monster count
 E = Vault monster count
 F = Vault count percentage of total count
                 A         B        C        D         E       F
            +---------+---------+-------+---------+---------+-------
      Total |   18220 |   10578 |  36.7 |     219 |     112 |  33.8
            +---------+---------+-------+---------+---------+-------
        D:1 |      41 |       0 |   0.0 |      24 |       0 |   0.0
        D:2 |      38 |      40 |  51.3 |      15 |      14 |  48.3
        D:3 |      34 |      80 |  70.2 |      10 |       3 |  23.1
        D:4 |      89 |       4 |   4.3 |      18 |       2 |  10.0
        D:5 |     606 |       0 |   0.0 |      17 |       0 |   0.0
        D:6 |    1303 |       0 |   0.0 |      22 |       0 |   0.0
        D:7 |     379 |     153 |  28.8 |      14 |       1 |   6.7
        D:8 |    2939 |    1150 |  28.1 |      30 |      27 |  47.4
        D:9 |    3595 |     586 |  14.0 |      30 |       1 |   3.2
       D:10 |    1461 |    6829 |  82.4 |       9 |      21 |  70.0
       D:11 |    3570 |     123 |   3.3 |      17 |      12 |  41.4
       D:12 |    4165 |    1374 |  24.8 |      13 |       4 |  23.5
    Ossuary |       0 |     239 | 100.0 |       0 |      27 | 100.0
            +---------+---------+-------+---------+---------+-------

Skill      XL: |  1  2  3  4  5  6  7  8  9 10 11 12 |
---------------+-------------------------------------+-----
Poison Magic   | 4 6 7 8 |  8.0
Transmutations | 3 4 6 8 |  8.0
Fire Magic     | 1 4 |  4.0
Spellcasting   | 3 6 9 10 11 12 | 12.0
Dodging        | 4 5 6 |  6.8
Fighting       | 2 4 |  4.0
Stealth        | 6 7 10 | 10.0
Conjurations   | 2 3 4 |  4.0
Hexes          | 1 6 10 12 | 12.6

Action                     |  1- 3 |  4- 6 |  7- 9 | 10-12 || total
---------------------------+-------+-------+-------+-------++-------
  Melee: Dagger            |    29 |       |       |       ||    29
         Spear             |     8 |    66 |   159 |    11 ||   244
         Punch             |       |     2 |     4 |       ||     6
         Unarmed           |       |       |    12 |       ||    12
         Quarterstaff      |       |       |       |    31 ||    31
   Cast: Sting             |    81 |    15 |    25 |     1 ||   122
         Poisonous Vapours |       |    34 |    11 |     3 ||    48
         Olgreb's Toxic Ra |       |     8 |    29 |    68 ||   105
         Ignite Poison     |       |     3 |    22 |    52 ||    77
         Blade Hands       |       |       |     3 |       ||     3
         Irradiate         |       |       |     9 |    34 ||    43
  Evoke: Wand              |       |       |    15 |       ||    15
    Use: Scroll            |     3 |    10 |     6 |    10 ||    29
   Stab: Sleeping          |       |       |    10 |     2 ||    12
 Armour: Robe              |    15 |    13 |    31 |    14 ||    73
  Dodge: Dodged            |    52 |    31 |   121 |    98 ||   302

Illustrated notes

Table legend:
 A = Kills in this place as a percentage of kills in the entire game.
 B = Kills by you in this place as a percentage of kills by you in the entire game.
 C = Kills by friends in this place as a percentage of kills by friends in the entire game.
 D = Other kills in this place as a percentage of other kills in the entire game.
 E = Experience gained in this place as a percentage of experience gained in the entire game.
 F = Experience gained in this place divided by the number of levels of this place that you have seen.
                   A       B       C       D       E      F
               +-------+-------+-------+-------+-------+----------------------
         Total | 100.0 | 100.0 |   N/A |   N/A | 100.0 | 2057.0
       Dungeon |  91.8 |  91.8 |   N/A |   N/A |  99.2 | 2379.9
       Ossuary |   8.2 |   8.2 |   N/A |   N/A |   0.8 | 239.0
               +-------+-------+-------+-------+-------+----------------------

Table legend: (Time is in decaauts)
 A = Elapsed time spent in this place.
 B = Non-inter-level travel time spent in this place.
 C = Inter-level travel time spent in this place.
 D = Time resting spent in this place.
 E = Time spent auto-exploring this place.
 F = Levels seen in this place.
 G = Mean time per level.
                   A        B        C        D        E       F      G
               +--------+--------+--------+--------+--------+-----+--------+
         Total |  13062 |  12756 |    306 |   3655 |   6769 |  14 |  933.0 |
       Dungeon |  12432 |  12141 |    291 |   3453 |   6658 |  12 | 1036.0 |
        Temple |    104 |     89 |     15 |      0 |     69 |   1 |  104.0 |
       Ossuary |    525 |    525 |      0 |    202 |     42 |   1 |  525.0 |
               +--------+--------+--------+--------+--------+-----+--------+

Top non-repeatable levels by time:
     D:8: 1836 daAuts
    D:11: 1441 daAuts
    D:10: 1400 daAuts
     D:9: 1188 daAuts
     D:5: 1075 daAuts
     D:3: 879 daAuts
     D:2: 871 daAuts
     D:1: 838 daAuts
    D:12: 808 daAuts
     D:6: 758 daAuts
     D:7: 735 daAuts
     D:4: 599 daAuts
 Ossuary: 525 daAuts
  Temple: 104 daAuts
